[ AOE2 MATCH · #464639999 ]
UnrankedMongols vs Ethiopians
[ REPLAY ANALYSIS · EXTRACTED FROM THE RECORDED GAME ]
Feudal
11:32
Castle
16:53
Imperial
30:07
| APM avg | 42.7 |
| APM peak | 95 |
| eAPM avg | 20.9 |
| Villagers / military | 112 / 131 |
Focus
⚔️ 21.5% · 🌾 78.5%
Scout Cavalry ×59 · Mangudai ×45 · Camel Scout ×20 · Mangonel ×5 · Monk ×1 · Trebuchet (Packed) ×1
Feudal
11:41
Castle
16:01
Imperial
29:22
| APM avg | 36.7 |
| APM peak | 82 |
| eAPM avg | 15.3 |
| Villagers / military | 126 / 58 |
Focus
⚔️ 19.9% · 🌾 80.1%
Spearman ×25 · Bombard Cannon ×24 · Mangonel ×5 · Shotel Warrior ×3 · Monk ×1
Feudal
10:31
Castle
18:11
Imperial
29:25
| APM avg | 24.1 |
| APM peak | 61 |
| eAPM avg | 14.0 |
| Villagers / military | 93 / 60 |
Focus
⚔️ 35.3% · 🌾 64.7%
Janissary ×39 · Camel Scout ×10 · Bombard Cannon ×10 · Trebuchet (Packed) ×1
Feudal
12:27
Castle
18:02
Imperial
34:53
| APM avg | 16.1 |
| APM peak | 37 |
| eAPM avg | 12.2 |
| Villagers / military | 161 / 78 |
Focus
⚔️ 13.2% · 🌾 86.8%
Throwing Axeman ×51 · Knight ×26 · Monk ×1
Feudal
11:10
Castle
14:57
Imperial
30:32
| APM avg | 32.9 |
| APM peak | 73 |
| eAPM avg | 17.7 |
| Villagers / military | 131 / 161 |
Focus
⚔️ 30.8% · 🌾 69.2%
Spearman ×113 · Bombard Cannon ×46 · Trade Cart ×17 · Monk ×1 · Hussite Wagon ×1
Feudal
10:39
Castle
13:57
Imperial
33:32
| APM avg | 26.4 |
| APM peak | 65 |
| eAPM avg | 15.8 |
| Villagers / military | 158 / 172 |
Focus
⚔️ 24.2% · 🌾 75.8%
Knight ×171 · Monk ×1
Feudal
11:03
Castle
15:08
Imperial
32:00
| APM avg | 21.5 |
| APM peak | 40 |
| eAPM avg | 16.6 |
| Villagers / military | 190 / 142 |
Focus
⚔️ 22.0% · 🌾 78.0%
Spearman ×70 · Scorpion ×65 · Battering Ram ×4 · Monk ×2 · Trade Cart ×2 · Mangonel ×1
Feudal
9:34
Castle
20:04
Imperial
33:37
| APM avg | 42.7 |
| APM peak | 94 |
| eAPM avg | 22.3 |
| Villagers / military | 162 / 127 |
Focus
⚔️ 30.2% · 🌾 69.8%
War Wagon ×65 · Skirmisher ×52 · Militia ×3 · Bombard Cannon ×3 · Trebuchet (Packed) ×2 · Monk ×1
Match map
Initial resources + every placement click. Lines = walls · curves = elevation contours. ◆ gold · ⬟ stone · ● berries · ✦ relic · ◌ wall gap
Your base
Chaos's base
LingLing's base
TheSnoxy's base· Open — unwalled flank
Arch Oxys's base
Lippfischi's base· Open — unwalled flank
de volta ao jogo's base
Nasenbär's base· Open — unwalled flank
Smoothed initial terrain · ◌ = detected wall gap · hover for details
Inputs per minute
— SwaggyPeasant - - Chaos
Build order — SwaggyPeasant
First 150 of 372 actions detected
| 0:02 | Create | Villager (Male) |
| 0:03 | Create | Villager (Male) |
| 0:03 | Create | Villager (Male) |
| 0:03 | Create | Villager (Male) |
| 0:04 | Build | House |
| 0:08 | Build | House |
| 1:30 | Create | Villager (Male) |
| 2:02 | Build | Lumber Camp |
| 2:04 | Create | Villager (Male) |
| 2:20 | Create | Villager (Male) |
| 3:07 | Create | Villager (Male) |
| 3:34 | Create | Villager (Male) |
| 3:38 | Build | House |
| 3:59 | Create | Villager (Male) |
| 4:04 | Build | Mill |
| 4:08 | Create | Villager (Male) |
| 4:52 | Create | Villager (Male) |
| 5:22 | Create | Villager (Male) |
| 6:01 | Create | Villager (Male) |
| 6:01 | Create | Villager (Male) |
| 6:14 | Create | Villager (Male) |
| 6:28 | Build | House |
| 6:33 | Create | Villager (Male) |
| 7:26 | Create | Villager (Male) |
| 8:00 | Create | Villager (Male) |
| 8:17 | Create | Villager (Male) |
| 8:55 | Create | Villager (Male) |
| 9:22 | Research | Feudal Age |
| 9:53 | Build | Mining Camp |
| 10:35 | Create | Villager (Male) |
| 10:36 | Research | Loom |
| 10:59 | Build | House |
| 11:02 | Build | House |
| 11:21 | Create | Villager (Male) |
| 11:32 | Age | Feudal Age |
| 12:01 | Create | Villager (Male) |
| 12:42 | Create | Villager (Male) |
| 12:42 | Create | Villager (Male) |
| 12:53 | Build | House |
| 12:59 | Build | Market |
| 13:02 | Build | Blacksmith |
| 13:14 | Create | Villager (Male) |
| 13:17 | Research | Double-Bit Axe |
| 14:05 | Build | Lumber Camp |
| 14:13 | Research | Castle Age |
| 14:23 | Research | Horse Collar |
| 15:40 | Build | Farm |
| 15:41 | Build | Farm |
| 15:46 | Build | Farm |
| 15:47 | Build | Farm |
| 15:52 | Build | Farm |
| 15:55 | Build | Farm |
| 16:00 | Build | Farm |
| 16:03 | Build | Farm |
| 16:53 | Age | Castle Age |
| 17:02 | Build | Town Center |
| 17:10 | Build | Town Center |
| 17:15 | Create | Villager (Male) |
| 17:16 | Create | Villager (Male) |
| 17:25 | Build | Farm |
| 17:45 | Build | Town Center |
| 17:54 | Research | Bow Saw |
| 18:17 | Research | Stone Mining |
| 18:49 | Create | Villager (Male) |
| 18:49 | Create | Villager (Male) |
| 18:57 | Build | Barracks |
| 19:02 | Create | Villager (Male) |
| 19:03 | Create | Villager (Male) |
| 19:03 | Create | Villager (Male) |
| 19:03 | Create | Villager (Male) |
| 19:21 | Build | Farm |
| 19:22 | Build | Farm |
| 19:31 | Build | Farm |
| 19:37 | Build | Farm |
| 19:40 | Create | Villager (Male) |
| 19:41 | Create | Villager (Male) |
| 19:41 | Create | Villager (Male) |
| 19:44 | Create | Villager (Male) |
| 19:44 | Create | Villager (Male) |
| 19:55 | Build | Farm |
| 19:55 | Create | Villager (Male) |
| 20:16 | Build | Stable |
| 20:34 | Create | Villager (Male) |
| 20:34 | Create | Villager (Male) |
| 20:35 | Create | Villager (Male) |
| 20:36 | Create | Villager (Male) |
| 20:41 | Build | Farm |
| 20:47 | Build | Farm |
| 20:50 | Build | Farm |
| 21:05 | Create | Villager (Male) |
| 21:05 | Create | Villager (Male) |
| 21:06 | Create | Villager (Male) |
| 21:09 | Build | Farm |
| 21:11 | Build | Farm |
| 21:12 | Build | Farm |
| 21:20 | Build | Farm |
| 21:25 | Build | House |
| 21:26 | Build | House |
| 21:29 | Create | Villager (Male) |
| 21:29 | Create | Villager (Male) |
| 21:37 | Build | House |
| 21:39 | Build | House |
| 21:59 | Build | Stable |
| 22:02 | Create | Villager (Male) |
| 22:02 | Create | Villager (Male) |
| 22:07 | Create | Villager (Male) |
| 22:07 | Create | Villager (Male) |
| 22:13 | Build | Farm |
| 22:20 | Research | Wheelbarrow |
| 22:37 | Create | Villager (Male) |
| 22:38 | Create | Villager (Male) |
| 22:38 | Create | Villager (Male) |
| 22:48 | Create | Villager (Male) |
| 22:49 | Create | Villager (Male) |
| 22:56 | Build | Farm |
| 23:02 | Build | Farm |
| 23:37 | Build | Castle |
| 23:48 | Create | Villager (Male) |
| 23:49 | Create | Villager (Male) |
| 23:49 | Create | Villager (Male) |
| 23:57 | Create | Villager (Male) |
| 23:57 | Create | Villager (Male) |
| 24:03 | Build | Farm |
| 24:04 | Build | Farm |
| 24:06 | Build | Farm |
| 24:09 | Build | Farm |
| 24:11 | Build | Farm |
| 24:21 | Build | Farm |
| 24:22 | Build | Farm |
| 24:24 | Build | Farm |
| 24:26 | Build | Farm |
| 24:28 | Build | Farm |
| 24:30 | Build | Farm |
| 24:32 | Research | Heavy Plow |
| 25:00 | Build | House |
| 25:01 | Build | House |
| 25:02 | Build | House |
| 25:03 | Build | House |
| 25:04 | Build | House |
| 25:23 | Create | Villager (Male) |
| 25:23 | Create | Villager (Male) |
| 25:24 | Create | Villager (Male) |
| 25:24 | Create | Villager (Male) |
| 25:24 | Create | Villager (Male) |
| 25:25 | Create | Villager (Male) |
| 25:25 | Create | Villager (Male) |
| 25:43 | Research | Gold Mining |
| 26:18 | Build | Farm |
| 26:20 | Build | Farm |
| 26:39 | Build | University |
Build order — Chaos
First 150 of 322 actions detected
| 0:01 | Create | Villager (Male) |
| 0:01 | Create | Villager (Male) |
| 0:03 | Build | House |
| 0:04 | Build | House |
| 0:05 | Create | Villager (Male) |
| 0:05 | Create | Villager (Male) |
| 0:06 | Create | Villager (Male) |
| 1:20 | Build | Palisade Wall |
| 2:09 | Create | Villager (Male) |
| 2:09 | Create | Villager (Male) |
| 2:20 | Build | Lumber Camp |
| 2:25 | Create | Villager (Male) |
| 3:05 | Create | Villager (Male) |
| 3:57 | Create | Villager (Male) |
| 3:58 | Create | Villager (Male) |
| 3:58 | Create | Villager (Male) |
| 4:05 | Build | House |
| 4:35 | Create | Villager (Male) |
| 5:00 | Build | Mill |
| 5:18 | Create | Villager (Male) |
| 5:21 | Create | Villager (Male) |
| 6:11 | Create | Villager (Male) |
| 6:11 | Create | Villager (Male) |
| 6:18 | Create | Villager (Male) |
| 6:19 | Create | Villager (Male) |
| 6:19 | Create | Villager (Male) |
| 6:58 | Create | Villager (Male) |
| 7:03 | Build | House |
| 7:14 | Build | House |
| 7:21 | Create | Villager (Male) |
| 7:22 | Create | Villager (Male) |
| 7:35 | Create | Villager (Male) |
| 9:03 | Build | Mining Camp |
| 9:16 | Research | Feudal Age |
| 10:15 | Create | Villager (Male) |
| 10:16 | Create | Villager (Male) |
| 10:20 | Build | House |
| 11:41 | Age | Feudal Age |
| 12:05 | Build | Market |
| 12:13 | Build | Blacksmith |
| 12:19 | Create | Villager (Male) |
| 12:26 | Research | Double-Bit Axe |
| 12:39 | Create | Villager (Male) |
| 13:15 | Research | Castle Age |
| 13:21 | Research | Horse Collar |
| 14:05 | Build | Outpost |
| 14:08 | Build | Outpost |
| 14:39 | Build | Outpost |
| 14:57 | Build | House |
| 16:01 | Age | Castle Age |
| 16:06 | Build | Town Center |
| 16:18 | Build | Town Center |
| 16:22 | Create | Villager (Male) |
| 16:22 | Create | Villager (Male) |
| 16:49 | Build | Farm |
| 16:52 | Create | Villager (Male) |
| 17:13 | Create | Villager (Male) |
| 17:13 | Create | Villager (Male) |
| 17:20 | Create | Villager (Male) |
| 17:25 | Build | Farm |
| 17:30 | Build | Farm |
| 17:31 | Build | Farm |
| 17:31 | Build | Farm |
| 17:32 | Build | Farm |
| 17:32 | Build | Farm |
| 17:40 | Build | Farm |
| 17:42 | Build | Farm |
| 17:47 | Create | Villager (Male) |
| 17:49 | Build | Farm |
| 17:52 | Create | Villager (Male) |
| 17:53 | Create | Villager (Male) |
| 17:56 | Create | Villager (Male) |
| 18:26 | Build | Building 490 |
| 18:33 | Build | Siege Workshop |
| 18:38 | Create | Villager (Male) |
| 18:39 | Create | Villager (Male) |
| 18:39 | Create | Villager (Male) |
| 18:41 | Build | Farm |
| 18:47 | Create | Villager (Male) |
| 18:47 | Create | Villager (Male) |
| 18:56 | Build | Farm |
| 18:58 | Create | Villager (Male) |
| 19:01 | Build | Farm |
| 19:06 | Create | Villager (Male) |
| 19:12 | Create | Villager (Male) |
| 19:12 | Create | Villager (Male) |
| 19:25 | Build | House |
| 19:46 | Build | Building 673 |
| 19:53 | Build | Stone Wall |
| 19:58 | Build | Stone Wall |
| 20:00 | Create | Villager (Male) |
| 20:01 | Create | Villager (Male) |
| 20:01 | Create | Villager (Male) |
| 20:02 | Create | Villager (Male) |
| 20:07 | Build | House |
| 20:08 | Build | House |
| 20:08 | Build | House |
| 20:11 | Build | House |
| 20:12 | Build | House |
| 20:13 | Build | House |
| 20:15 | Create | Villager (Male) |
| 20:18 | Create | Villager (Male) |
| 20:22 | Build | Farm |
| 20:23 | Build | Farm |
| 20:28 | Build | Farm |
| 20:28 | Build | Farm |
| 20:36 | Build | Farm |
| 20:37 | Build | Farm |
| 20:47 | Create | Villager (Male) |
| 20:47 | Create | Villager (Male) |
| 20:48 | Create | Villager (Male) |
| 20:49 | Create | Villager (Male) |
| 20:49 | Create | Villager (Male) |
| 21:07 | Create | Villager (Male) |
| 21:12 | Build | Farm |
| 21:14 | Create | Mangonel |
| 21:15 | Create | Villager (Male) |
| 21:22 | Build | House |
| 21:24 | Build | House |
| 21:25 | Build | House |
| 21:29 | Create | Villager (Male) |
| 21:30 | Create | Villager (Male) |
| 21:38 | Build | Farm |
| 21:40 | Build | Farm |
| 21:51 | Build | Farm |
| 21:52 | Create | Villager (Male) |
| 21:56 | Build | Farm |
| 21:58 | Build | Farm |
| 22:05 | Build | Farm |
| 22:29 | Create | Villager (Male) |
| 22:29 | Create | Villager (Male) |
| 22:34 | Build | House |
| 22:35 | Build | House |
| 22:37 | Create | Villager (Male) |
| 22:39 | Research | Gold Mining |
| 22:45 | Research | Bow Saw |
| 22:51 | Create | Villager (Male) |
| 22:56 | Build | Farm |
| 23:06 | Create | Villager (Male) |
| 23:06 | Create | Villager (Male) |
| 23:06 | Create | Villager (Male) |
| 23:07 | Create | Villager (Male) |
| 23:18 | Create | Mangonel |
| 23:22 | Create | Villager (Male) |
| 23:27 | Research | Heavy Plow |
| 23:40 | Build | House |
| 23:56 | Build | Mill |
| 23:58 | Build | Farm |
| 23:58 | Build | Farm |
| 23:59 | Build | Farm |
Build order — LingLing
First 150 of 234 actions detected
| 0:01 | Create | Villager (Male) |
| 0:02 | Create | Villager (Male) |
| 0:03 | Build | House |
| 0:05 | Build | House |
| 0:18 | Create | Villager (Male) |
| 0:18 | Create | Villager (Male) |
| 0:46 | Research | Loom |
| 0:46 | Create | Villager (Male) |
| 1:01 | Create | Villager (Male) |
| 1:01 | Create | Villager (Male) |
| 1:07 | Build | Palisade Wall |
| 1:42 | Create | Villager (Male) |
| 1:42 | Create | Villager (Male) |
| 2:29 | Create | Villager (Male) |
| 3:00 | Build | Lumber Camp |
| 3:17 | Build | Palisade Wall |
| 3:19 | Create | Villager (Male) |
| 3:19 | Create | Villager (Male) |
| 3:41 | Create | Villager (Male) |
| 3:41 | Create | Villager (Male) |
| 4:10 | Create | Villager (Male) |
| 4:10 | Create | Villager (Male) |
| 4:43 | Build | Palisade Wall |
| 4:55 | Create | Villager (Male) |
| 4:56 | Create | Villager (Male) |
| 4:56 | Create | Villager (Male) |
| 5:02 | Build | House |
| 5:36 | Create | Villager (Male) |
| 5:57 | Create | Villager (Male) |
| 5:57 | Create | Villager (Male) |
| 5:58 | Create | Villager (Male) |
| 6:16 | Create | Villager (Male) |
| 6:53 | Build | House |
| 7:04 | Build | Mill |
| 7:36 | Create | Villager (Male) |
| 8:11 | Research | Feudal Age |
| 9:10 | Build | House |
| 9:28 | Create | Villager (Male) |
| 9:54 | Build | Outpost |
| 10:21 | Build | House |
| 10:31 | Age | Feudal Age |
| 10:37 | Build | Stone Wall |
| 10:42 | Create | Villager (Male) |
| 10:42 | Create | Villager (Male) |
| 10:47 | Build | Mining Camp |
| 10:51 | Create | Villager (Male) |
| 10:51 | Create | Villager (Male) |
| 10:57 | Create | Villager (Male) |
| 10:58 | Research | Double-Bit Axe |
| 11:13 | Build | Stone Wall |
| 11:18 | Build | Building 490 |
| 11:38 | Create | Villager (Male) |
| 11:38 | Create | Villager (Male) |
| 12:06 | Build | Watch Tower |
| 12:10 | Create | Villager (Male) |
| 12:10 | Create | Villager (Male) |
| 12:17 | Create | Villager (Male) |
| 12:17 | Create | Villager (Male) |
| 12:46 | Build | Stone Wall |
| 13:04 | Build | Stone Wall |
| 13:40 | Build | Market |
| 14:16 | Build | House |
| 15:04 | Build | Blacksmith |
| 15:20 | Research | Stone Mining |
| 15:31 | Research | Castle Age |
| 15:50 | Research | Horse Collar |
| 16:01 | Build | Farm |
| 16:04 | Build | Farm |
| 16:33 | Build | House |
| 16:50 | Build | Farm |
| 16:53 | Build | Farm |
| 18:11 | Age | Castle Age |
| 18:24 | Create | Villager (Male) |
| 18:25 | Create | Villager (Male) |
| 18:30 | Build | Palisade Wall |
| 18:38 | Build | Stone Wall |
| 18:57 | Build | Castle |
| 19:12 | Build | Town Center |
| 19:18 | Create | Villager (Male) |
| 19:18 | Create | Villager (Male) |
| 19:28 | Build | Mining Camp |
| 19:46 | Build | House |
| 19:53 | Create | Villager (Male) |
| 20:08 | Create | Janissary |
| 20:08 | Create | Janissary |
| 20:33 | Build | Stone Wall |
| 20:39 | Build | Farm |
| 20:51 | Create | Villager (Male) |
| 20:51 | Create | Villager (Male) |
| 21:04 | Build | Farm |
| 21:14 | Create | Villager (Male) |
| 21:14 | Create | Villager (Male) |
| 21:18 | Build | Farm |
| 21:19 | Build | Farm |
| 21:20 | Create | Villager (Male) |
| 21:33 | Create | Janissary |
| 21:43 | Build | Farm |
| 21:58 | Build | Farm |
| 22:08 | Create | Villager (Male) |
| 22:15 | Create | Villager (Male) |
| 22:37 | Build | Farm |
| 22:41 | Create | Villager (Male) |
| 22:49 | Build | Farm |
| 22:52 | Create | Villager (Male) |
| 22:56 | Create | Janissary |
| 23:07 | Create | Janissary |
| 23:22 | Create | Villager (Male) |
| 23:22 | Create | Villager (Male) |
| 23:26 | Build | Farm |
| 23:48 | Build | Siege Workshop |
| 23:57 | Build | Mining Camp |
| 24:03 | Create | Janissary |
| 24:10 | Build | Farm |
| 24:12 | Build | Farm |
| 24:28 | Build | Farm |
| 24:44 | Build | Farm |
| 25:12 | Build | Farm |
| 26:15 | Research | Imperial Age |
| 26:25 | Build | Farm |
| 26:26 | Build | Farm |
| 26:40 | Research | Gold Mining |
| 26:47 | Build | Mining Camp |
| 27:08 | Create | Janissary |
| 27:38 | Build | Siege Workshop |
| 27:45 | Create | Janissary |
| 27:47 | Create | Janissary |
| 27:48 | Create | Janissary |
| 27:51 | Research | Padded Archer Armor |
| 27:54 | Create | Villager (Male) |
| 27:55 | Create | Villager (Male) |
| 27:57 | Create | Villager (Male) |
| 28:01 | Build | Farm |
| 28:30 | Create | Janissary |
| 28:52 | Create | Villager (Male) |
| 28:53 | Create | Villager (Male) |
| 28:57 | Create | Janissary |
| 28:57 | Create | Janissary |
| 29:25 | Age | Imperial Age |
| 29:30 | Create | Bombard Cannon |
| 29:35 | Create | Bombard Cannon |
| 29:40 | Build | House |
| 29:45 | Create | Janissary |
| 29:54 | Research | Conscription |
| 30:06 | Create | Janissary |
| 30:13 | Create | Villager (Male) |
| 30:13 | Create | Villager (Male) |
| 30:15 | Create | Villager (Male) |
| 30:15 | Create | Villager (Male) |
| 30:17 | Build | Farm |
| 30:23 | Build | Lumber Camp |
Build order — TheSnoxy
First 150 of 339 actions detected
| 0:00 | Create | Villager (Male) |
| 0:01 | Create | Villager (Male) |
| 0:01 | Create | Villager (Male) |
| 0:01 | Create | Villager (Male) |
| 0:03 | Build | House |
| 0:05 | Build | House |
| 1:38 | Create | Villager (Male) |
| 1:48 | Build | Lumber Camp |
| 2:06 | Create | Villager (Male) |
| 2:39 | Build | House |
| 2:44 | Create | Villager (Male) |
| 3:09 | Create | Villager (Male) |
| 3:46 | Create | Villager (Male) |
| 3:47 | Create | Villager (Male) |
| 4:15 | Create | Villager (Male) |
| 5:01 | Create | Villager (Male) |
| 5:19 | Create | Villager (Male) |
| 5:38 | Build | Mill |
| 5:54 | Create | Villager (Male) |
| 5:55 | Create | Villager (Male) |
| 5:55 | Create | Villager (Male) |
| 7:20 | Create | Villager (Male) |
| 7:21 | Create | Villager (Male) |
| 7:22 | Create | Villager (Male) |
| 7:45 | Create | Villager (Male) |
| 7:49 | Build | House |
| 7:57 | Research | Loom |
| 7:57 | Create | Villager (Male) |
| 8:01 | Create | Villager (Male) |
| 8:29 | Create | Villager (Male) |
| 9:36 | Build | Mill |
| 9:52 | Create | Villager (Male) |
| 9:53 | Create | Villager (Male) |
| 9:57 | Research | Feudal Age |
| 9:57 | Create | Villager (Male) |
| 9:58 | Create | Villager (Male) |
| 10:06 | Create | Villager (Male) |
| 10:07 | Create | Villager (Male) |
| 10:15 | Build | House |
| 10:35 | Create | Villager (Male) |
| 10:55 | Create | Villager (Male) |
| 11:25 | Create | Villager (Male) |
| 11:26 | Create | Villager (Male) |
| 12:00 | Build | Mining Camp |
| 12:06 | Create | Villager (Male) |
| 12:27 | Age | Feudal Age |
| 12:35 | Create | Villager (Male) |
| 12:36 | Create | Villager (Male) |
| 12:50 | Build | Blacksmith |
| 12:59 | Build | Market |
| 13:03 | Create | Villager (Male) |
| 13:16 | Create | Villager (Male) |
| 13:28 | Build | House |
| 14:05 | Create | Villager (Male) |
| 14:28 | Create | Villager (Male) |
| 15:03 | Research | Castle Age |
| 15:21 | Build | Lumber Camp |
| 15:39 | Build | Farm |
| 15:41 | Build | Farm |
| 15:51 | Build | House |
| 16:34 | Build | Lumber Camp |
| 16:40 | Create | Villager (Male) |
| 16:41 | Create | Villager (Male) |
| 17:07 | Create | Villager (Male) |
| 17:21 | Build | Farm |
| 17:22 | Build | Farm |
| 17:48 | Build | Farm |
| 17:50 | Build | Farm |
| 17:52 | Build | Farm |
| 17:59 | Build | Farm |
| 18:02 | Age | Castle Age |
| 18:13 | Build | Barracks |
| 18:18 | Create | Villager (Male) |
| 18:27 | Build | House |
| 18:28 | Build | House |
| 18:28 | Build | House |
| 18:28 | Build | House |
| 18:28 | Build | House |
| 18:29 | Build | House |
| 18:29 | Build | House |
| 18:29 | Build | House |
| 18:29 | Build | House |
| 18:30 | Build | House |
| 18:43 | Build | Town Center |
| 19:18 | Build | Town Center |
| 19:20 | Create | Villager (Male) |
| 19:21 | Create | Villager (Male) |
| 19:55 | Create | Villager (Male) |
| 19:56 | Create | Villager (Male) |
| 19:56 | Create | Villager (Male) |
| 20:24 | Create | Villager (Male) |
| 20:25 | Create | Villager (Male) |
| 20:25 | Create | Villager (Male) |
| 20:26 | Create | Villager (Male) |
| 20:26 | Create | Villager (Male) |
| 20:38 | Build | Farm |
| 20:56 | Build | Stable |
| 21:06 | Create | Villager (Male) |
| 21:06 | Create | Villager (Male) |
| 21:08 | Create | Villager (Male) |
| 21:10 | Create | Villager (Male) |
| 21:27 | Build | Farm |
| 21:31 | Build | Farm |
| 21:35 | Build | Farm |
| 21:47 | Build | Farm |
| 21:50 | Build | Farm |
| 21:53 | Create | Villager (Male) |
| 21:54 | Create | Villager (Male) |
| 21:54 | Create | Villager (Male) |
| 21:57 | Research | Double-Bit Axe |
| 22:04 | Research | Gold Mining |
| 22:20 | Build | Farm |
| 22:22 | Build | Farm |
| 22:24 | Build | Farm |
| 22:42 | Build | Farm |
| 22:52 | Build | Stable |
| 22:56 | Research | Husbandry |
| 22:57 | Create | Knight |
| 23:13 | Build | Farm |
| 23:18 | Build | Farm |
| 23:18 | Build | Farm |
| 23:19 | Build | Farm |
| 23:28 | Build | House |
| 23:30 | Build | House |
| 23:31 | Build | House |
| 23:32 | Build | House |
| 23:35 | Build | House |
| 24:19 | Build | Farm |
| 24:20 | Build | Farm |
| 24:21 | Build | Farm |
| 24:29 | Build | Farm |
| 24:31 | Create | Villager (Male) |
| 24:32 | Create | Villager (Male) |
| 24:32 | Create | Villager (Male) |
| 24:33 | Create | Villager (Male) |
| 24:33 | Create | Villager (Male) |
| 24:33 | Create | Villager (Male) |
| 24:34 | Create | Villager (Male) |
| 25:03 | Build | Stable |
| 25:06 | Build | Stable |
| 25:13 | Create | Villager (Male) |
| 25:13 | Create | Villager (Male) |
| 25:14 | Create | Villager (Male) |
| 25:14 | Create | Villager (Male) |
| 25:27 | Build | Farm |
| 25:33 | Build | Farm |
| 25:51 | Build | Farm |
| 25:55 | Build | Farm |
| 25:57 | Create | Villager (Male) |
| 25:58 | Create | Villager (Male) |
Build order — Arch Oxys
First 150 of 410 actions detected
| 0:01 | Create | Villager (Male) ×4 |
| 0:02 | Create | Villager (Male) ×4 |
| 0:03 | Build | House |
| 0:04 | Build | House |
| 1:31 | Create | Villager (Male) |
| 1:31 | Create | Villager (Male) |
| 1:47 | Build | Lumber Camp |
| 2:11 | Create | Villager (Male) |
| 2:12 | Create | Villager (Male) |
| 2:22 | Create | Villager (Male) |
| 2:57 | Create | Villager (Male) |
| 2:57 | Create | Villager (Male) |
| 2:57 | Create | Villager (Male) |
| 3:39 | Create | Villager (Male) |
| 3:39 | Create | Villager (Male) |
| 3:59 | Build | House |
| 4:02 | Build | House |
| 4:21 | Build | Mill |
| 4:50 | Create | Villager (Male) |
| 4:51 | Create | Villager (Male) |
| 4:52 | Create | Villager (Male) |
| 5:05 | Build | Palisade Wall |
| 5:06 | Build | Palisade Wall |
| 5:07 | Build | Palisade Wall |
| 5:08 | Build | Palisade Wall |
| 5:08 | Build | Palisade Wall |
| 5:09 | Build | Palisade Wall |
| 5:10 | Build | Palisade Wall |
| 6:02 | Create | Villager (Male) |
| 6:03 | Create | Villager (Male) |
| 6:06 | Build | Farm |
| 6:10 | Build | Farm |
| 6:17 | Build | Palisade Wall |
| 6:20 | Create | Villager (Male) |
| 6:36 | Create | Villager (Male) |
| 7:01 | Build | Farm |
| 7:05 | Create | Villager (Male) |
| 7:05 | Create | Villager (Male) |
| 7:23 | Create | Villager (Male) |
| 7:24 | Create | Villager (Male) |
| 8:09 | Build | Lumber Camp |
| 8:53 | Research | Feudal Age |
| 10:05 | Build | Mining Camp |
| 10:53 | Create | Villager (Male) |
| 10:54 | Create | Villager (Male) |
| 11:10 | Age | Feudal Age |
| 11:27 | Build | Market |
| 11:29 | Build | Blacksmith |
| 11:34 | Research | Loom |
| 11:37 | Research | Town Watch |
| 12:17 | Research | Castle Age |
| 12:40 | Build | Mining Camp |
| 13:12 | Build | Outpost |
| 13:15 | Research | Loom |
| 13:23 | Build | House |
| 13:46 | Build | Stone Wall |
| 13:48 | Build | Stone Wall |
| 13:49 | Build | Stone Wall |
| 14:15 | Build | Stone Wall |
| 14:15 | Build | Stone Wall |
| 14:17 | Build | Stone Wall |
| 14:17 | Build | Stone Wall |
| 14:18 | Build | Stone Wall |
| 14:37 | Build | Stone Wall |
| 14:57 | Age | Castle Age |
| 14:59 | Build | Town Center |
| 15:04 | Build | Town Center |
| 15:05 | Create | Villager (Male) |
| 15:13 | Build | Stone Wall |
| 15:14 | Build | Stone Wall |
| 15:15 | Build | Stone Wall |
| 15:20 | Create | Villager (Male) |
| 15:50 | Create | Villager (Male) |
| 15:52 | Create | Villager (Male) |
| 16:04 | Build | Building 490 |
| 16:13 | Build | Stone Wall |
| 16:17 | Build | Building 490 |
| 16:22 | Build | Stone Wall |
| 16:23 | Build | Stone Wall |
| 16:23 | Build | Stone Wall |
| 16:30 | Create | Villager (Male) |
| 16:30 | Create | Villager (Male) |
| 16:36 | Create | Villager (Male) |
| 16:37 | Create | Villager (Male) |
| 16:40 | Build | Farm |
| 16:42 | Build | Farm |
| 16:47 | Research | Double-Bit Axe |
| 16:47 | Research | Double-Bit Axe |
| 16:58 | Create | Villager (Male) |
| 17:10 | Build | Castle |
| 17:25 | Build | Farm |
| 17:26 | Create | Villager (Male) |
| 17:26 | Create | Villager (Male) |
| 17:29 | Create | Villager (Male) |
| 17:29 | Create | Villager (Male) |
| 17:32 | Create | Villager (Male) |
| 17:35 | Build | Farm |
| 17:43 | Build | House |
| 17:53 | Create | Villager (Male) |
| 17:59 | Create | Villager (Male) |
| 17:59 | Create | Villager (Male) |
| 18:26 | Create | Villager (Male) |
| 18:28 | Create | Villager (Male) |
| 18:28 | Create | Villager (Male) |
| 18:35 | Build | House |
| 18:36 | Build | House |
| 18:58 | Create | Villager (Male) |
| 19:03 | Build | Monastery |
| 19:07 | Create | Villager (Male) |
| 19:14 | Create | Villager (Male) |
| 19:15 | Create | Villager (Male) |
| 19:15 | Create | Villager (Male) |
| 19:23 | Build | Farm |
| 19:25 | Create | Villager (Male) |
| 19:27 | Build | Farm |
| 19:30 | Build | Farm |
| 19:35 | Create | Villager (Male) |
| 19:36 | Build | House |
| 19:49 | Create | Villager (Male) |
| 19:56 | Create | Hussite Wagon |
| 20:07 | Build | House |
| 20:07 | Create | Villager (Male) |
| 20:08 | Create | Villager (Male) |
| 20:11 | Build | Farm |
| 20:16 | Build | Farm |
| 20:18 | Create | Villager (Male) |
| 20:18 | Create | Villager (Male) |
| 20:21 | Build | Farm |
| 20:34 | Create | Villager (Male) |
| 20:35 | Create | Villager (Male) |
| 20:39 | Build | House |
| 20:40 | Build | House |
| 20:46 | Build | Farm |
| 20:49 | Build | Farm |
| 20:50 | Create | Villager (Male) |
| 20:51 | Create | Villager (Male) |
| 20:54 | Build | Farm |
| 21:01 | Create | Villager (Male) |
| 21:01 | Create | Villager (Male) |
| 21:13 | Create | Monk |
| 21:19 | Create | Villager (Male) |
| 21:22 | Build | Farm |
| 21:23 | Build | Farm |
| 21:25 | Build | Farm |
| 21:30 | Research | Horse Collar |
| 21:30 | Research | Horse Collar |
| 21:36 | Build | Farm |
| 21:38 | Build | Farm |
| 21:40 | Create | Villager (Male) |
| 21:41 | Build | Farm |
Build order — Lippfischi
First 150 of 435 actions detected
| 0:00 | Create | Villager (Male) |
| 0:01 | Create | Villager (Male) |
| 0:01 | Create | Villager (Male) |
| 0:01 | Create | Villager (Male) |
| 0:02 | Build | House |
| 0:04 | Build | House |
| 0:39 | Create | Villager (Male) |
| 1:36 | Create | Villager (Male) |
| 1:38 | Build | Lumber Camp |
| 2:07 | Create | Villager (Male) |
| 2:19 | Create | Villager (Male) |
| 2:46 | Create | Villager (Male) |
| 3:10 | Create | Villager (Male) |
| 3:24 | Build | Mill |
| 3:35 | Create | Villager (Male) |
| 4:00 | Create | Villager (Male) |
| 4:11 | Build | House |
| 4:20 | Create | Villager (Male) |
| 4:43 | Create | Villager (Male) |
| 4:54 | Build | House |
| 5:20 | Create | Villager (Male) |
| 5:22 | Create | Villager (Male) |
| 6:36 | Create | Villager (Male) |
| 6:36 | Create | Villager (Male) |
| 6:38 | Create | Villager (Male) |
| 6:38 | Create | Villager (Male) |
| 6:38 | Create | Villager (Male) |
| 6:52 | Create | Villager (Male) |
| 8:31 | Build | Mining Camp |
| 8:33 | Research | Feudal Age |
| 8:55 | Create | Villager (Male) |
| 8:55 | Create | Villager (Male) |
| 9:03 | Build | House |
| 10:16 | Build | House |
| 10:39 | Age | Feudal Age |
| 10:45 | Build | Blacksmith |
| 10:49 | Build | Market |
| 11:32 | Research | Castle Age |
| 11:39 | Research | Double-Bit Axe |
| 12:06 | Research | Horse Collar |
| 12:10 | Build | Farm |
| 12:37 | Build | Barracks |
| 12:40 | Create | Villager (Male) |
| 13:12 | Build | Farm |
| 13:28 | Build | Farm |
| 13:30 | Create | Villager (Male) |
| 13:40 | Build | Mill |
| 13:57 | Age | Castle Age |
| 14:07 | Build | Stable |
| 14:17 | Create | Villager (Male) |
| 14:47 | Create | Villager (Male) |
| 14:47 | Create | Villager (Male) |
| 15:10 | Build | Farm |
| 15:17 | Build | Farm |
| 15:21 | Create | Knight |
| 15:38 | Build | Farm |
| 15:47 | Create | Villager (Male) |
| 15:48 | Create | Villager (Male) |
| 15:55 | Create | Knight |
| 16:05 | Create | Villager (Male) |
| 16:09 | Build | Farm |
| 16:12 | Build | Farm |
| 16:26 | Build | House |
| 16:32 | Create | Villager (Male) |
| 16:42 | Create | Knight |
| 16:50 | Build | Farm |
| 16:58 | Create | Villager (Male) |
| 16:59 | Create | Villager (Male) |
| 16:59 | Create | Villager (Male) |
| 17:15 | Create | Knight |
| 17:21 | Create | Knight |
| 17:26 | Build | House |
| 17:27 | Build | House |
| 17:30 | Build | House |
| 17:31 | Build | House |
| 17:32 | Build | House |
| 17:33 | Build | House |
| 17:34 | Create | Villager (Male) |
| 18:01 | Create | Villager (Male) |
| 18:07 | Create | Knight |
| 18:22 | Build | Farm |
| 19:03 | Create | Villager (Male) |
| 19:03 | Create | Villager (Male) |
| 19:04 | Create | Knight |
| 19:04 | Create | Knight |
| 19:04 | Create | Knight |
| 19:13 | Create | Villager (Male) |
| 19:19 | Build | Town Center |
| 19:25 | Build | Farm |
| 20:25 | Create | Villager (Male) |
| 20:25 | Create | Villager (Male) |
| 20:26 | Create | Villager (Male) |
| 20:27 | Create | Villager (Male) |
| 20:27 | Create | Villager (Male) |
| 20:37 | Build | House |
| 20:38 | Build | House |
| 20:38 | Build | House |
| 20:39 | Build | House |
| 20:39 | Build | House |
| 20:41 | Create | Villager (Male) |
| 20:41 | Create | Villager (Male) |
| 20:56 | Build | Town Center |
| 21:06 | Create | Villager (Male) |
| 21:08 | Build | Farm |
| 21:14 | Create | Villager (Male) |
| 21:14 | Create | Villager (Male) |
| 21:14 | Create | Villager (Male) |
| 21:42 | Build | Farm |
| 21:46 | Create | Villager (Male) |
| 22:07 | Create | Villager (Male) |
| 22:07 | Create | Villager (Male) |
| 22:14 | Build | Farm |
| 22:19 | Build | Farm |
| 22:25 | Build | Farm |
| 22:26 | Create | Villager (Male) |
| 22:36 | Create | Villager (Male) |
| 22:36 | Create | Villager (Male) |
| 22:37 | Create | Villager (Male) |
| 23:01 | Build | Farm |
| 23:03 | Create | Villager (Male) |
| 23:04 | Create | Villager (Male) |
| 23:08 | Build | House |
| 23:08 | Build | House |
| 23:09 | Build | House |
| 23:19 | Build | Farm |
| 23:19 | Build | Farm |
| 23:20 | Build | Farm |
| 23:25 | Build | Farm |
| 23:26 | Build | Farm |
| 23:26 | Build | Farm |
| 23:27 | Build | Farm |
| 23:28 | Create | Villager (Male) |
| 23:29 | Create | Villager (Male) |
| 23:29 | Create | Villager (Male) |
| 23:34 | Build | Farm |
| 23:40 | Build | Farm |
| 23:41 | Create | Villager (Male) |
| 23:41 | Create | Villager (Male) |
| 23:42 | Create | Villager (Male) |
| 23:45 | Build | Farm |
| 24:03 | Create | Villager (Male) |
| 24:04 | Create | Villager (Male) |
| 24:10 | Create | Villager (Male) |
| 24:18 | Build | Farm |
| 24:30 | Build | Town Center |
| 24:37 | Create | Villager (Male) |
| 24:38 | Create | Villager (Male) |
| 24:38 | Create | Villager (Male) |
| 24:38 | Create | Villager (Male) |
| 24:40 | Build | House |
Build order — de volta ao jogo
First 150 of 446 actions detected
| 0:02 | Create | Villager (Male) |
| 0:02 | Create | Villager (Male) |
| 0:02 | Create | Villager (Male) |
| 0:04 | Build | House |
| 0:05 | Build | House |
| 0:35 | Create | Villager (Male) |
| 0:35 | Create | Villager (Male) |
| 0:35 | Create | Villager (Male) |
| 1:28 | Create | Villager (Male) |
| 1:28 | Create | Villager (Male) |
| 1:58 | Create | Villager (Male) |
| 1:59 | Create | Villager (Male) |
| 2:17 | Build | Lumber Camp |
| 2:30 | Create | Villager (Male) |
| 2:30 | Create | Villager (Male) |
| 2:55 | Create | Villager (Male) |
| 2:55 | Create | Villager (Male) |
| 3:22 | Create | Villager (Male) |
| 3:22 | Create | Villager (Male) |
| 3:38 | Build | House |
| 3:42 | Build | House |
| 3:47 | Create | Villager (Male) |
| 3:47 | Create | Villager (Male) |
| 3:47 | Create | Villager (Male) |
| 4:21 | Create | Villager (Male) |
| 4:21 | Create | Villager (Male) |
| 4:28 | Build | Mill |
| 4:58 | Create | Villager (Male) |
| 4:58 | Create | Villager (Male) |
| 4:59 | Create | Villager (Male) |
| 5:45 | Create | Villager (Male) |
| 5:45 | Create | Villager (Male) |
| 6:00 | Create | Villager (Male) |
| 6:01 | Create | Villager (Male) |
| 6:37 | Create | Villager (Male) |
| 6:37 | Create | Villager (Male) |
| 6:37 | Create | Villager (Male) |
| 7:11 | Create | Villager (Male) |
| 7:12 | Create | Villager (Male) |
| 7:42 | Create | Villager (Male) |
| 7:42 | Create | Villager (Male) |
| 7:55 | Create | Villager (Male) |
| 7:55 | Create | Villager (Male) |
| 8:53 | Research | Feudal Age |
| 9:07 | Build | Mining Camp |
| 9:47 | Create | Villager (Male) |
| 9:47 | Create | Villager (Male) |
| 11:00 | Build | House |
| 11:03 | Age | Feudal Age |
| 11:08 | Research | Loom |
| 11:13 | Research | Town Watch |
| 11:22 | Build | Market |
| 11:31 | Build | Blacksmith |
| 11:36 | Create | Villager (Male) |
| 11:54 | Create | Villager (Male) |
| 12:17 | Research | Castle Age |
| 13:49 | Build | House |
| 13:51 | Build | House |
| 14:06 | Create | Villager (Male) |
| 14:06 | Create | Villager (Male) |
| 14:28 | Research | Horse Collar |
| 14:31 | Research | Double-Bit Axe |
| 15:08 | Age | Castle Age |
| 15:13 | Build | Town Center |
| 15:41 | Build | Town Center |
| 15:52 | Create | Villager (Male) |
| 15:52 | Create | Villager (Male) |
| 15:52 | Create | Villager (Male) |
| 15:52 | Create | Villager (Male) |
| 16:00 | Build | Farm |
| 16:08 | Build | Farm |
| 16:28 | Build | Farm |
| 16:30 | Create | Villager (Male) |
| 16:31 | Create | Villager (Male) |
| 16:43 | Build | Farm |
| 16:46 | Create | Villager (Male) |
| 16:46 | Create | Villager (Male) |
| 16:46 | Create | Villager (Male) |
| 16:47 | Create | Villager (Male) |
| 16:47 | Create | Villager (Male) |
| 16:47 | Create | Villager (Male) |
| 16:54 | Build | Farm |
| 17:02 | Build | Farm |
| 17:07 | Build | Farm |
| 17:18 | Build | Farm |
| 17:20 | Create | Villager (Male) |
| 17:20 | Create | Villager (Male) |
| 17:26 | Build | Farm |
| 17:34 | Build | Farm |
| 17:42 | Build | Farm |
| 17:45 | Build | Farm |
| 17:46 | Create | Villager (Male) |
| 17:47 | Create | Villager (Male) |
| 18:11 | Build | Farm |
| 18:11 | Build | Farm |
| 18:11 | Build | Farm |
| 18:12 | Build | Farm |
| 18:13 | Create | Villager (Male) |
| 18:13 | Create | Villager (Male) |
| 18:16 | Build | Farm |
| 18:19 | Create | Villager (Male) |
| 18:19 | Create | Villager (Male) |
| 18:19 | Research | Loom |
| 18:20 | Research | Loom |
| 18:34 | Build | Farm |
| 18:35 | Build | Farm |
| 18:37 | Create | Villager (Male) |
| 18:37 | Create | Villager (Male) |
| 18:45 | Build | House |
| 18:50 | Build | Monastery |
| 18:52 | Build | House |
| 18:54 | Create | Villager (Male) |
| 18:54 | Create | Villager (Male) |
| 18:55 | Create | Villager (Male) |
| 19:02 | Create | Villager (Male) |
| 19:02 | Create | Villager (Male) |
| 19:09 | Build | Farm |
| 19:11 | Create | Villager (Male) |
| 19:11 | Create | Villager (Male) |
| 19:20 | Create | Villager (Male) |
| 19:20 | Create | Villager (Male) |
| 19:28 | Create | Villager (Male) |
| 19:28 | Create | Villager (Male) |
| 19:34 | Build | Farm |
| 19:35 | Create | Villager (Male) |
| 19:36 | Create | Villager (Male) |
| 19:42 | Build | House |
| 19:45 | Build | House |
| 19:47 | Create | Villager (Male) |
| 19:47 | Create | Villager (Male) |
| 19:47 | Create | Villager (Male) |
| 20:00 | Build | Farm |
| 20:02 | Create | Villager (Male) |
| 20:02 | Create | Villager (Male) |
| 20:09 | Create | Monk |
| 20:11 | Research | Fervor |
| 20:11 | Create | Monk |
| 20:12 | Create | Villager (Male) |
| 20:12 | Create | Villager (Male) |
| 20:13 | Create | Villager (Male) |
| 20:24 | Build | Farm |
| 20:30 | Research | Heavy Plow |
| 20:34 | Create | Villager (Male) |
| 20:34 | Create | Villager (Male) |
| 20:53 | Create | Villager (Male) |
| 20:53 | Create | Villager (Male) |
| 20:53 | Create | Villager (Male) |
| 21:01 | Build | House |
| 21:02 | Build | House |
| 21:03 | Build | House |
Build order — Nasenbär
First 150 of 461 actions detected
| 0:00 | Create | Villager (Male) |
| 0:01 | Create | Villager (Male) |
| 0:01 | Create | Villager (Male) |
| 0:02 | Build | House |
| 0:03 | Build | House |
| 0:15 | Create | Villager (Male) |
| 1:23 | Create | Villager (Male) |
| 1:49 | Build | Lumber Camp |
| 1:59 | Create | Villager (Male) |
| 1:59 | Create | Villager (Male) |
| 2:19 | Create | Villager (Male) |
| 2:43 | Create | Villager (Male) |
| 2:43 | Create | Villager (Male) |
| 3:21 | Create | Villager (Male) |
| 3:22 | Create | Villager (Male) |
| 3:33 | Create | Villager (Male) |
| 3:49 | Build | House |
| 3:57 | Create | Villager (Male) |
| 4:15 | Create | Villager (Male) |
| 4:35 | Create | Villager (Male) |
| 4:35 | Create | Villager (Male) |
| 5:03 | Create | Villager (Male) |
| 5:22 | Build | Mining Camp |
| 5:56 | Create | Villager (Male) |
| 5:58 | Create | Villager (Male) |
| 6:02 | Build | House |
| 6:56 | Create | Villager (Male) |
| 7:24 | Research | Feudal Age |
| 8:04 | Build | Barracks |
| 8:17 | Create | Villager (Male) |
| 8:20 | Build | House |
| 9:12 | Build | Mill |
| 9:34 | Age | Feudal Age |
| 9:41 | Build | Watch Tower |
| 9:45 | Create | Militia |
| 9:45 | Create | Militia |
| 9:55 | Build | Mining Camp |
| 10:01 | Research | Man-at-Arms (upgrade) |
| 10:07 | Create | Villager (Male) |
| 10:07 | Create | Villager (Male) |
| 10:33 | Create | Villager (Male) |
| 10:39 | Build | House |
| 11:11 | Create | Villager (Male) |
| 11:27 | Build | Farm |
| 11:27 | Build | Farm |
| 12:00 | Create | Villager (Male) |
| 12:02 | Research | Loom |
| 12:31 | Create | Villager (Male) |
| 12:41 | Build | Farm |
| 12:41 | Build | Farm |
| 12:41 | Build | Farm |
| 12:42 | Build | Farm |
| 12:54 | Build | Watch Tower |
| 12:58 | Create | Villager (Male) |
| 13:30 | Create | Spearman |
| 13:34 | Create | Villager (Male) |
| 13:57 | Create | Villager (Male) |
| 14:12 | Create | Villager (Male) |
| 14:22 | Build | House |
| 14:32 | Build | Market |
| 14:33 | Create | Villager (Male) |
| 14:58 | Research | Double-Bit Axe |
| 15:17 | Build | Mining Camp |
| 15:24 | Create | Villager (Male) |
| 15:29 | Build | Farm |
| 15:42 | Create | Villager (Male) |
| 16:04 | Build | House |
| 16:11 | Create | Villager (Male) |
| 16:49 | Create | Villager (Male) |
| 17:01 | Build | Blacksmith |
| 17:24 | Research | Castle Age |
| 17:37 | Build | Watch Tower |
| 17:44 | Create | Villager (Male) |
| 17:47 | Research | Horse Collar |
| 17:55 | Build | Farm |
| 17:56 | Build | Farm |
| 17:56 | Build | Farm |
| 18:14 | Create | Militia |
| 18:43 | Create | Villager (Male) |
| 19:02 | Research | Fletching |
| 19:58 | Create | Villager (Male) |
| 20:04 | Age | Castle Age |
| 20:22 | Research | Long Swordsman (upgrade) |
| 20:23 | Create | Villager (Male) |
| 20:48 | Build | House |
| 20:50 | Research | Bow Saw |
| 21:03 | Build | Farm |
| 21:10 | Build | Town Center |
| 21:13 | Research | Heavy Plow |
| 21:22 | Build | Town Center |
| 21:26 | Create | Villager (Male) |
| 21:41 | Build | Stone Wall |
| 21:42 | Create | Villager (Male) |
| 21:49 | Build | Farm |
| 21:50 | Build | Farm |
| 21:53 | Build | Farm |
| 21:55 | Create | Villager (Male) |
| 22:08 | Build | Stone Wall |
| 22:11 | Build | Stone Wall |
| 22:14 | Create | Villager (Male) |
| 22:43 | Create | Villager (Male) |
| 22:45 | Build | House |
| 22:46 | Build | House |
| 22:56 | Create | Villager (Male) |
| 22:59 | Create | Villager (Male) |
| 23:01 | Build | Farm |
| 23:03 | Build | Farm |
| 23:08 | Build | Farm |
| 23:14 | Create | Villager (Male) |
| 23:17 | Build | Farm |
| 23:21 | Build | Farm |
| 23:24 | Build | Farm |
| 23:27 | Create | Villager (Male) |
| 23:27 | Create | Villager (Male) |
| 23:36 | Build | Farm |
| 23:43 | Create | Villager (Male) |
| 23:43 | Create | Villager (Male) |
| 23:50 | Create | Villager (Male) |
| 23:51 | Create | Villager (Male) |
| 23:51 | Create | Villager (Male) |
| 23:51 | Create | Villager (Male) |
| 23:54 | Build | Farm |
| 23:56 | Build | Farm |
| 24:02 | Build | Farm |
| 24:03 | Create | Villager (Male) |
| 24:04 | Create | Villager (Male) |
| 24:24 | Build | Stone Wall |
| 24:28 | Build | Stone Wall |
| 24:30 | Create | Villager (Male) |
| 24:30 | Create | Villager (Male) |
| 24:31 | Create | Villager (Male) |
| 24:33 | Build | Farm |
| 24:43 | Build | Town Center |
| 24:44 | Create | Villager (Male) |
| 24:45 | Create | Villager (Male) |
| 24:58 | Build | Farm |
| 25:00 | Build | Farm |
| 25:03 | Build | Farm |
| 25:04 | Create | Villager (Male) |
| 25:04 | Create | Villager (Male) |
| 25:06 | Build | Farm |
| 25:14 | Build | Farm |
| 25:17 | Build | Farm |
| 25:18 | Create | Villager (Male) |
| 25:18 | Create | Villager (Male) |
| 25:20 | Build | House |
| 25:21 | Build | House |
| 25:32 | Research | Wheelbarrow |
| 25:35 | Research | Town Watch |
| 25:47 | Build | House |
Match timeline
| 1:07 | LingLing · wall_segment Palisade Wall x11 |
| 1:20 | Chaos · wall_segment Palisade Wall x16 |
| 3:17 | LingLing · wall_segment Palisade Wall x7 |
| 4:43 | LingLing · wall_segment Palisade Wall x1 |
| 5:05 | Arch Oxys · wall_segment Palisade Wall x1 |
| 5:06 | Arch Oxys · wall_segment Palisade Wall x1 |
| 5:07 | Arch Oxys · wall_segment Palisade Wall x1 |
| 5:08 | Arch Oxys · wall_segment Palisade Wall x1 |
| 5:08 | Arch Oxys · wall_segment Palisade Wall x1 |
| 5:09 | Arch Oxys · wall_segment Palisade Wall x1 |
| 5:10 | Arch Oxys · wall_segment Palisade Wall x1 |
| 6:17 | Arch Oxys · wall_segment Palisade Wall x9 |
| 8:04 | Nasenbär · first_building Barracks |
| 9:34 | Nasenbär · age_up feudal |
| 10:31 | LingLing · age_up feudal |
| 10:37 | LingLing · wall_segment Stone Wall x11 |
| 10:39 | Lippfischi · age_up feudal |
| 11:03 | de volta ao jogo · age_up feudal |
| 11:10 | Arch Oxys · age_up feudal |
| 11:13 | LingLing · wall_segment Stone Wall x7 |
| 11:32 | SwaggyPeasant · age_up feudal |
| 11:41 | Chaos · age_up feudal |
| 12:27 | TheSnoxy · age_up feudal |
| 12:37 | Lippfischi · first_building Barracks |
| 12:46 | LingLing · wall_segment Stone Wall x7 |
| 13:04 | LingLing · wall_segment Stone Wall x1 |
| 13:46 | Arch Oxys · wall_segment Stone Wall x1 |
| 13:48 | Arch Oxys · wall_segment Stone Wall x1 |
| 13:49 | Arch Oxys · wall_segment Stone Wall x1 |
| 13:57 | Lippfischi · age_up castle |
| 14:07 | Lippfischi · first_building Stable |
| 14:15 | Arch Oxys · wall_segment Stone Wall x1 |
| 14:15 | Arch Oxys · wall_segment Stone Wall x1 |
| 14:17 | Arch Oxys · wall_segment Stone Wall x1 |
| 14:17 | Arch Oxys · wall_segment Stone Wall x1 |
| 14:18 | Arch Oxys · wall_segment Stone Wall x1 |
| 14:24 | LingLing · first_market_sell 100 wood |
| 14:37 | Arch Oxys · wall_segment Stone Wall x1 |
| 14:57 | Arch Oxys · age_up castle |
| 15:08 | de volta ao jogo · age_up castle |
| 15:13 | Arch Oxys · wall_segment Stone Wall x1 |
| 15:14 | Arch Oxys · wall_segment Stone Wall x1 |
| 15:15 | Arch Oxys · wall_segment Stone Wall x1 |
| 15:36 | Nasenbär · first_market_buy 100 food |
| 15:39 | Nasenbär · first_market_sell 100 stone |
| 16:01 | Chaos · age_up castle |
| 16:13 | Arch Oxys · wall_segment Stone Wall x1 |
| 16:22 | Arch Oxys · wall_segment Stone Wall x1 |
| 16:23 | Arch Oxys · wall_segment Stone Wall x1 |
| 16:23 | Arch Oxys · wall_segment Stone Wall x1 |
| 16:46 | Chaos · first_market_buy 100 wood |
| 16:53 | SwaggyPeasant · age_up castle |
| 17:10 | Arch Oxys · first_building Castle |
| 17:28 | Arch Oxys · first_market_buy 100 food |
| 17:41 | SwaggyPeasant · first_market_buy 100 stone |
| 18:02 | TheSnoxy · age_up castle |
| 18:11 | LingLing · age_up castle |
| 18:13 | TheSnoxy · first_building Barracks |
| 18:30 | LingLing · wall_segment Palisade Wall x1 |
| 18:33 | Chaos · first_building Siege Workshop |
| 18:38 | LingLing · wall_segment Stone Wall x1 |
| 18:50 | de volta ao jogo · first_building Monastery |
| 18:57 | SwaggyPeasant · first_building Barracks |
| 18:57 | LingLing · first_building Castle |
| 19:03 | Arch Oxys · first_building Monastery |
| 19:53 | Chaos · wall_segment Stone Wall x1 |
| 19:58 | Chaos · wall_segment Stone Wall x3 |
| 20:04 | Nasenbär · age_up castle |
| 20:16 | SwaggyPeasant · first_building Stable |
| 20:33 | LingLing · wall_segment Stone Wall x8 |
| 20:56 | TheSnoxy · first_building Stable |
| 21:41 | Nasenbär · wall_segment Stone Wall x7 |
| 22:08 | Nasenbär · wall_segment Stone Wall x8 |
| 22:11 | Nasenbär · wall_segment Stone Wall x4 |
| 22:14 | LingLing · first_market_buy 100 food |
| 22:35 | Arch Oxys · wall_segment Stone Wall x1 |
| 23:37 | SwaggyPeasant · first_building Castle |
| 23:48 | LingLing · first_building Siege Workshop |
| 24:24 | Nasenbär · wall_segment Stone Wall x1 |
| 24:28 | Nasenbär · wall_segment Stone Wall x1 |
| 24:51 | Chaos · first_building Monastery |
| 24:55 | Lippfischi · first_building Monastery |
| 26:39 | de volta ao jogo · first_building Castle |
| 26:55 | SwaggyPeasant · first_market_sell 100 food |
| 26:58 | TheSnoxy · first_building Monastery |
| 27:07 | Arch Oxys · first_building Siege Workshop |
| 27:20 | Arch Oxys · first_market_sell 100 food |
| 27:40 | Nasenbär · first_building Monastery |
| 27:48 | Chaos · first_building Castle |
| 28:11 | Nasenbär · first_building Castle |
| 28:29 | de volta ao jogo · first_building Barracks |
| 29:09 | SwaggyPeasant · first_building Monastery |
| 29:19 | SwaggyPeasant · tribute_sent a jugador 1 |
| 29:19 | SwaggyPeasant · tribute_sent a jugador 2 |
| 29:19 | SwaggyPeasant · tribute_sent a jugador 3 |
| 29:19 | SwaggyPeasant · tribute_sent a jugador 4 |
| 29:19 | SwaggyPeasant · tribute_sent a jugador 5 |
| 29:19 | SwaggyPeasant · tribute_sent a jugador 6 |
| 29:19 | SwaggyPeasant · tribute_sent a jugador 7 |
| 29:22 | Chaos · age_up imperial |
| 29:25 | LingLing · age_up imperial |
| 29:37 | de volta ao jogo · first_building Siege Workshop |
| 30:07 | SwaggyPeasant · age_up imperial |
| 30:29 | Lippfischi · first_market_buy 100 food |
| 30:32 | Arch Oxys · age_up imperial |
| 30:56 | Arch Oxys · first_building Barracks |
| 31:40 | Lippfischi · first_building Castle |
| 31:46 | Chaos · first_market_sell 100 food |
| 32:00 | de volta ao jogo · age_up imperial |
| 32:07 | TheSnoxy · first_market_sell 100 wood |
| 32:28 | Nasenbär · first_building Archery Range |
| 33:21 | Chaos · first_building Barracks |
| 33:32 | Lippfischi · age_up imperial |
| 33:37 | Nasenbär · age_up imperial |
| 33:37 | de volta ao jogo · tribute_sent a jugador 1 |
| 33:37 | de volta ao jogo · tribute_sent a jugador 2 |
| 33:37 | de volta ao jogo · tribute_sent a jugador 3 |
| 33:37 | de volta ao jogo · tribute_sent a jugador 4 |
| 33:37 | de volta ao jogo · tribute_sent a jugador 5 |
| 33:37 | de volta ao jogo · tribute_sent a jugador 7 |
| 33:37 | de volta ao jogo · tribute_sent a jugador 8 |
| 34:36 | Lippfischi · first_market_sell 500 wood |
| 34:53 | TheSnoxy · age_up imperial |
| 37:37 | LingLing · first_building Barracks |
| 37:58 | SwaggyPeasant · first_building Siege Workshop |
| 38:20 | Nasenbär · first_building Siege Workshop |
| 39:01 | TheSnoxy · first_building Castle |
| 39:17 | LingLing · first_building Stable |
| 40:49 | LingLing · wall_segment Stone Wall x8 |
| 40:50 | LingLing · wall_segment Stone Wall x8 |
| 41:08 | de volta ao jogo · first_market_sell 100 food |
| 41:39 | LingLing · wall_segment Stone Wall x3 |
| 44:26 | Chaos · resign |
[ AI ANALYSIS · 1 CREDIT ]
What really happened in this match?
Wolo.gg analyzes every decision: build order, eco, micro, common mistakes by bracket. Personalized analysis on WhatsApp or Discord in 30 seconds.
Civ guide
Mongols
Perfil
Jugador #995808